[Event "Titled Tuesday Blitz February 22 Early 2022"]
[White "Jacobson, Aaron"]
[Black "Tsatsalashvili, Keti"]
[WhiteFideId "2089912"]
[BlackFideId "13603434"]
[WhiteElo "2265"]
[BlackElo "2246"]
[Result "1-0"]
[Round "02"]
[TimeControl "180+1"]
[Date "2022.02.22"]
[WhiteClock "0:00:15"]
[BlackClock "0:00:01"]

1. e4 c5 2. Nf3 d6 3. d4 cxd4 4. e5 dxe5 5. c3 Nc6 6. Bb5 Bd7 7. O-O Nf6 8. Bxc6 Bxc6 9. Nxe5 dxc3 10. Qe2 cxb2 11. Bxb2 Qd5 12. Nxc6 Qxc6 13. Nc3 e6 14. Rac1 Qb6 15. Nb5 Bd6 16. Bd4 Qa6 17. Bc5 Bf4 18. g3 Bb8 19. Rfd1 Qa4 20. Rd4 Qa6 21. Rcd1 Qa5 22. Qf3 Nd5 23. Rxd5 exd5 24. Qxd5 Qxb5 25. Qd8# 1-0


[Site "https://www.chess.com"]

[Event "Titled Tuesday Blitz February 22 Early 2022"]
[White "Jaferian, Koosha"]
[Black "Jain, Naveen"]
[WhiteFideId "12507440"]
[BlackFideId "5003970"]
[WhiteElo "2027"]
[BlackElo "2036"]
[Result "1-0"]
[Round "02"]
[TimeControl "180+1"]
[Date "2022.02.22"]
[WhiteClock "0:00:20"]
[BlackClock "0:00:21"]

1. d4 Nf6 2. c4 c5 3. Nf3 cxd4 4. Nxd4 e5 5. Nf3 e4 6. Nd4 d5 7. cxd5 Nxd5 8. e3 Nc6 9. Bc4 Bb4+ 10. Bd2 Nxd4 11. exd4 Bxd2+ 12. Qxd2 O-O 13. O-O Be6 14. Bb3 Qb6 15. Na3 Rac8 16. Nc4 Qb4 17. Qxb4 Nxb4 18. Nd6 Rcd8 19. Nxb7 Rxd4 20. Bxe6 fxe6 21. Nc5 Re8 22. a3 Nd3 23. Rfd1 e5 24. Nxe4 Nxb2 25. Rdb1 Nc4 26. f3 Red8 27. Rb7 Rd1+ 28. Rxd1 Rxd1+ 29. Kf2 Nxa3 30. Rxa7 Nc4 31. Ng5 g6 32. Ne6 Rd6 33. Ng5 Rd2+ 34. Kg3 Ne3 35. Nxh7 Rxg2+ 36. Kh3 Rf2 37. Nf6+ Kf8 38. Nd7+ Kg8 39. Nxe5 Nf1 40. Kh4 Rxh2+ 41. Kg5 Rh5+ 42. Kf6 Rf5+ 43. Kxg6 Ne3 44. Nc6 Rc5 45. Ra8# 1-0


[Site "https://www.chess.com"]

[Event "Titled Tuesday Blitz February 22 Early 2022"]
[White "Jakubowska, Anna"]
[Black "Gunina, Valentina"]
[WhiteFideId "1121952"]
[BlackFideId "4167570"]
[WhiteElo "1924"]
[BlackElo "2465"]
[Result "0-1"]
[Round "02"]
[TimeControl "180+1"]
[Date "2022.02.22"]
[WhiteClock "0:00:09"]
[BlackClock "0:00:54"]

1. e4 c6 2. d4 d5 3. e5 c5 4. dxc5 e6 5. a3 Bxc5 6. b4 Bb6 7. Nf3 Ne7 8. Bd3 a5 9. Bb2 axb4 10. axb4 Rxa1 11. Bxa1 Nbc6 12. b5 Na5 13. O-O Qc7 14. Nbd2 Bd7 15. Qe2 h6 16. Rc1 O-O 17. c4 Rc8 18. Bb2 dxc4 19. Nxc4 Nxc4 20. Rxc4 Qd8 21. Bd4 Bxd4 22. Nxd4 Rxc4 23. Bxc4 Qc7 24. h3 Qc5 25. Nf3 Nd5 26. Qd3 Nb6 27. Bb3 Qxb5 28. Qxb5 Bxb5 29. Nd4 Bc4 30. Bxc4 Nxc4 31. f4 g5 32. g3 Na3 33. fxg5 hxg5 34. Nf3 b5 35. Nxg5 b4 36. Ne4 b3 37. Nc3 b2 38. Kf2 b1=Q 39. Nxb1 Nxb1 40. Kf3 Nd2+ 41. Kf4 Kg7 42. h4 Kh6 43. g4 Kg6 44. Ke3 Nc4+ 45. Kd4 Nb6 46. Ke4 Nd5 47. Kf3 Ne7 48. Kf4 Kh6 49. Ke4 Ng6 50. h5 Ne7 51. Kf4 Nd5+ 52. Ke4 Kg5 53. Kf3 Ne7 54. Kg3 Ng8 55. Kf3 Nh6 0-1


[Site "https://www.chess.com"]

[Event "Titled Tuesday Blitz February 22 Early 2022"]
[White "Janaszak, Dawid"]
[Black "FGHSMN"]
[WhiteFideId "1119206"]
[WhiteElo "2199"]
[BlackElo "2802"]
[Result "0-1"]
[Round "02"]
[TimeControl "180+1"]
[Date "2022.02.22"]
[WhiteClock "0:00:01"]
[BlackClock "0:00:07"]

1. e4 e5 2. Nf3 Nc6 3. d4 exd4 4. Nxd4 Nf6 5. Nxc6 bxc6 6. e5 Qe7 7. Qe2 Nd5 8. h4 f6 9. c4 Ba6 10. Rh3 Nb6 11. Re3 O-O-O 12. Qc2 fxe5 13. c5 Bxf1 14. cxb6 Bb5 15. bxa7 Kb7 16. a4 Ba6 17. Rb3+ Ka8 18. Bg5 Qc5 19. Rc3 Qd5 20. Bxd8 Bb4 21. Bg5 Qxg2 22. Be3 d5 23. Nd2 Qg1+ 24. Nf1 Qxf1+ 25. Kd2 Qxa1 26. Qb3 Bxc3+ 27. Qxc3 Qxa4 28. Qxe5 Qb4+ 29. Kd1 Qd6 30. Qxg7 Rd8 31. h5 d4 32. Bg5 Re8 33. Qxh7 Be2+ 34. Kc1 Qc5+ 35. Kb1 Bf3 36. Ka1 Be4 0-1


[Site "https://www.chess.com"]

[Event "Titled Tuesday Blitz February 22 Early 2022"]
[White "Jaracz, Pawel"]
[Black "Kislov, Oleg"]
[WhiteFideId "1102222"]
[BlackFideId "13503774"]
[WhiteElo "2429"]
[BlackElo "2252"]
[Result "1-0"]
[Round "02"]
[TimeControl "180+1"]
[Date "2022.02.22"]
[WhiteClock "0:00:40"]
[BlackClock "0:00:03"]

1. e4 e6 2. d4 d5 3. Nd2 Nf6 4. e5 Nfd7 5. c3 c5 6. Bd3 Nc6 7. Ne2 cxd4 8. cxd4 f6 9. exf6 Nxf6 10. Nf3 Bd6 11. O-O O-O 12. Nc3 e5 13. dxe5 Nxe5 14. Be2 Kh8 15. Bg5 Be6 16. Nd4 Bg8 17. Qb3 Qd7 18. Rad1 Rae8 19. h3 Bb8 20. Bh4 a6 21. Bg3 Nc6 22. Bxb8 Rxb8 23. Bf3 Rbd8 24. Rfe1 b5 25. Nxc6 Qxc6 26. Rd4 Rd7 27. Re5 Rfd8 28. Qd1 a5 29. a3 Qc5 30. Ne2 Qd6 31. Re3 Qc5 32. b4 axb4 33. axb4 Qa7 34. Nc3 Qb7 35. Red3 Qc6 36. g4 h6 37. h4 Bh7 38. Re3 Ne4 39. Ne2 Qf6 40. Bxe4 Bxe4 41. Ng3 Bh7 42. h5 Qd6 43. Qe2 Rf7 44. Re8+ Rf8 45. Rxd8 Rxd8 46. Qxb5 Rf8 47. Qe2 Qf6 48. Qd2 Qe5 49. Rxd5 Qa1+ 50. Kh2 Qa8 51. b5 Qb7 52. Qd4 Bg8 53. Rd7 1-0


[Site "https://www.chess.com"]

[Event "Titled Tuesday Blitz February 22 Early 2022"]
[White "Jiang, Brian"]
[Black "Ferguson, Randal"]
[WhiteFideId "2627922"]
[BlackFideId "30903106"]
[WhiteElo "2412"]
[BlackElo "2078"]
[Result "1-0"]
[Round "02"]
[TimeControl "180+1"]
[Date "2022.02.22"]
[WhiteClock "0:02:19"]
[BlackClock "0:00:42"]

1. d4 Nf6 2. c4 g6 3. Nc3 d5 4. Qb3 dxc4 5. Qxc4 Bg7 6. e4 O-O 7. Be2 Nc6 8. Nf3 Bg4 9. d5 Bxf3 10. gxf3 Na5 11. Qa4 b6 12. Be3 Qd7 13. Qc2 c5 14. O-O Qh3 15. Kh1 Nh5 16. Rg1 Be5 17. Rg2 Nf4 18. Rg3 Qh5 19. Bf1 c4 20. Qd2 Nd3 21. Rh3 1-0


[Site "https://www.chess.com"]

[Event "Titled Tuesday Blitz February 22 Early 2022"]
[White "Jobava, Baadur"]
[Black "Goltseva, Ekaterina"]
[WhiteFideId "13601520"]
[BlackFideId "24173770"]
[WhiteElo "2617"]
[BlackElo "2140"]
[Result "1-0"]
[Round "02"]
[TimeControl "180+1"]
[Date "2022.02.22"]
[WhiteClock "0:01:10"]
[BlackClock "0:00:06"]

1. d4 Nf6 2. Nc3 d5 3. Bf4 e6 4. Nb5 Na6 5. e3 Be7 6. Nf3 O-O 7. h3 c6 8. Nc3 Qa5 9. Bd3 Nb4 10. O-O c5 11. dxc5 Qxc5 12. a3 Nxd3 13. cxd3 Bd7 14. Qb3 Bc6 15. Rfc1 Qa5 16. Ne5 Rfc8 17. Ne2 Qb6 18. Qxb6 axb6 19. Kf1 Be8 20. Ke1 Nd7 21. Nxd7 Bxd7 22. Be5 f6 23. Bd4 Bc5 24. Kd2 e5 25. Bc3 Bb5 26. Bb4 Kf7 27. Bxc5 bxc5 28. Nc3 Bc6 29. d4 cxd4 30. exd4 exd4 31. Ne2 d3 32. Nd4 Bd7 33. Rxc8 Rxc8 34. Rc1 Rc4 35. Nb3 Ba4 36. Nc5 b5 37. b3 Rf4 38. f3 Rf5 39. bxa4 bxa4 40. Kxd3 Rg5 41. Rc2 Re5 42. Nxa4 Re1 43. Nc3 Ra1 44. Ra2 Re1 45. a4 Re6 46. a5 Ra6 47. Nxd5 Rd6 48. Kc4 Rc6+ 49. Kb5 Rc8 50. Nb6 Rb8 51. a6 1-0


[Site "https://www.chess.com"]

[Event "Titled Tuesday Blitz February 22 Early 2022"]
[White "Jones, Gawain C B"]
[Black "Lopez Mulet, Inigo"]
[WhiteFideId "409561"]
[BlackFideId "22235620"]
[WhiteElo "2657"]
[BlackElo "2315"]
[Result "1-0"]
[Round "02"]
[TimeControl "180+1"]
[Date "2022.02.22"]
[WhiteClock "0:01:44"]
[BlackClock "0:00:26"]

1. Nf3 b6 2. e4 Bb7 3. Nc3 e6 4. d4 d5 5. exd5 exd5 6. Bd3 Nf6 7. O-O Be7 8. Re1 O-O 9. Bf4 Bb4 10. Ne5 Bxc3 11. bxc3 Ne4 12. c4 f6 13. Nf3 Nd6 14. cxd5 Bxd5 15. Nd2 Qd7 16. Bxh7+ Kxh7 17. Qh5+ Kg8 18. Qxd5+ Nf7 19. Qxa8 Nc6 20. Qb7 g5 21. Qxc7 Qd5 22. c4 Qxd4 23. Qxc6 Qxf4 24. Ne4 Ne5 25. Qe6+ Kg7 26. Nxf6 Nd3 27. Nh5+ 1-0


[Site "https://www.chess.com"]

[Event "Titled Tuesday Blitz February 22 Early 2022"]
[White "Jumabayev, Rinat"]
[Black "Khumalo, Keith"]
[WhiteFideId "13702661"]
[BlackFideId "14319470"]
[WhiteElo "2561"]
[BlackElo "1992"]
[Result "1-0"]
[Round "02"]
[TimeControl "180+1"]
[Date "2022.02.22"]
[WhiteClock "0:00:41"]
[BlackClock "0:01:44"]

1. d4 d5 2. c4 dxc4 3. Nf3 Nf6 4. e3 e6 5. Bxc4 a6 6. O-O c5 7. Re1 Nc6 8. Nc3 Be7 9. dxc5 Qxd1 10. Rxd1 Bxc5 11. Bd2 Bd7 12. Rac1 Rc8 13. Be1 b5 14. Be2 Nb4 15. Ne5 Ke7 16. Ne4 Nxe4 17. Rxd7+ Ke8 18. Bxb4 f6 19. Rd4 Ke7 20. Rxe4 Bxb4 21. Rxc8 Rxc8 22. Rxb4 Rc1+ 23. Bf1 fxe5 24. a4 Rb1 25. axb5 a5 26. Ra4 Rxb2 27. Rxa5 Kf6 28. Ra4 Rb1 29. g3 h5 30. h4 g5 31. hxg5+ Kxg5 32. Kg2 Kf6 33. Be2 Rb2 34. Bxh5 Rxb5 35. Bf3 Kf5 36. Rh4 Kg5 37. Rh5+ Kf6 38. Bg4 Rb4 39. Bh3 Rb6 40. Rh6+ Kf7 41. Kf3 Rc6 42. Rxe6 Rxe6 43. Bxe6+ Kxe6 44. Ke4 Kf6 45. g4 Ke6 46. f4 exf4 47. exf4 1-0


[Site "https://www.chess.com"]

[Event "Titled Tuesday Blitz February 22 Early 2022"]
[White "Kamsky, Gata"]
[Black "Jodorcovsky Werjivker, Paulo"]
[WhiteFideId "2000024"]
[BlackFideId "3700305"]
[WhiteElo "2645"]
[BlackElo "2075"]
[Result "1/2-1/2"]
[Round "02"]
[TimeControl "180+1"]
[Date "2022.02.22"]
[WhiteClock "0:00:37"]
[BlackClock "0:00:16"]

1. e4 c5 2. Nf3 Nc6 3. d4 cxd4 4. Nxd4 Nf6 5. Nc3 e5 6. Ndb5 d6 7. Bg5 a6 8. Na3 b5 9. Nd5 Be7 10. Bxf6 Bxf6 11. c4 Nd4 12. cxb5 Bb7 13. bxa6 Bxd5 14. exd5 Qa5+ 15. Qd2 Qxd5 16. Nb5 Qe4+ 17. Kd1 Ke7 18. Nxd4 exd4 19. Qe2 Qxe2+ 20. Bxe2 Rhb8 21. Rb1 d5 22. Bd3 Kd6 23. g3 h5 24. h4 g6 25. Ke2 Re8+ 26. Kf3 Re7 27. Rhc1 Rb8 28. b4 Ra7 29. b5 Bd8 30. Rc6+ Kd7 31. a4 Bb6 32. Rbc1 Rc7 33. Rxc7+ Bxc7 34. a7 Ra8 35. Rxc7+ Kxc7 36. a5 Kb7 37. b6 Rc8 38. Ke2 Rc5 39. a6+ Ka8 40. Kd2 Rc6 41. b7+ Kxa7 42. Ke2 Rf6 43. Ke1 Re6+ 44. Kd2 Rb6 45. Kc2 Rc6+ 46. Kd2 Rc3 47. Ke2 Kb8 48. Kd2 Ra3 49. Ke2 Ra2+ 50. Ke1 Ka7 51. Bb5 Kb8 52. Bd3 Ra1+ 53. Ke2 Ra2+ 54. Ke1 1/2-1/2


[Site "https://www.chess.com"]

[Event "Titled Tuesday Blitz February 22 Early 2022"]
[White "Kaplan, Ebru"]
[Black "Sviridova, Vlada"]
[WhiteFideId "6315194"]
[BlackFideId "24109606"]
[WhiteElo "1941"]
[BlackElo "2101"]
[Result "0-1"]
[Round "02"]
[TimeControl "180+1"]
[Date "2022.02.22"]
[WhiteClock "0:00:12"]
[BlackClock "0:00:24"]

1. e4 e6 2. d4 d5 3. e5 c5 4. c3 Qb6 5. Nf3 Nc6 6. a3 c4 7. Nbd2 Na5 8. Rb1 Bd7 9. Be2 Ne7 10. O-O Nc8 11. Re1 Qc7 12. b3 cxb3 13. Nxb3 Ba4 14. c4 Nxb3 15. Rxb3 Bxb3 16. Qxb3 dxc4 17. Bxc4 a6 18. d5 Nb6 19. Bd3 Nxd5 20. Bg5 h6 21. Rc1 Qd7 22. Bd2 Be7 23. Nd4 O-O 24. a4 Rac8 25. Rb1 Nc7 26. Nf3 Qd5 27. Bc4 Qc6 28. Rc1 Nd5 29. Bd3 Qxc1+ 30. Bxc1 Rxc1+ 31. Bf1 b6 32. g3 a5 33. Kg2 Rfc8 34. Ba6 R8c3 35. Qb5 R3c2 36. Qe8+ Bf8 37. Bd3 Ra2 38. Nd4 Nc7 39. Qb8 Rxa4 40. Bh7+ Kxh7 41. Qxf8 Rxd4 42. Qxf7 Rd5 43. Qe7 Rxe5 44. Qd6 Rf5 45. Qxb6 Rc2 46. Qxa5 Rxa5 0-1


[Site "https://www.chess.com"]

[Event "Titled Tuesday Blitz February 22 Early 2022"]
[White "Karabalis, Harilos"]
[Black "Yushko, Olga"]
[WhiteFideId "4621808"]
[BlackFideId "14114500"]
[WhiteElo "2168"]
[BlackElo "2028"]
[Result "0-1"]
[Round "02"]
[TimeControl "180+1"]
[Date "2022.02.22"]
[WhiteClock "0:02:17"]
[BlackClock "0:01:56"]

1. e4 d6 2. d4 e5 3. Nf3 Nf6 4. dxe5 Nxe4 5. Bc4 Be7 6. exd6 Qxd6 7. Qe2 Nf6 8. O-O O-O 9. Rd1 Qc5 10. Be3 Qh5 11. h3 Bd6 12. Nc3 Nc6 13. Nd5 Nxd5 14. Rxd5 Qg6 15. Bd3 Qe6 16. Rd1 Ne5 17. Rxe5 Bxe5 18. Bf4 Bxf4 0-1


[Site "https://www.chess.com"]

[Event "Titled Tuesday Blitz February 22 Early 2022"]
[White "Karavaeva, Olga"]
[Black "Tsvetkov, Andrey"]
[WhiteFideId "4124111"]
[BlackFideId "34139360"]
[WhiteElo "2105"]
[BlackElo "2280"]
[Result "0-1"]
[Round "02"]
[TimeControl "180+1"]
[Date "2022.02.22"]
[WhiteClock "0:00:09"]
[BlackClock "0:00:05"]

1. c4 c6 2. e4 d5 3. exd5 cxd5 4. d4 Nf6 5. Nc3 Nc6 6. Nf3 Bg4 7. cxd5 Nxd5 8. Bc4 e6 9. O-O Be7 10. h3 Bxf3 11. Qxf3 Nxd4 12. Qe4 Nxc3 13. bxc3 Nc6 14. Bb5 Rc8 15. Be3 Qa5 16. Rab1 O-O 17. Bd3 g6 18. Rxb7 Bf6 19. Rfb1 Qxa2 20. Bb5 Qd5 21. Bxc6 Qxc6 22. Qxc6 Rxc6 23. Bd4 Bxd4 24. cxd4 a6 25. Ra7 Rd6 26. Rb4 Kg7 27. Kh2 Rfd8 28. Rbb7 Rf8 29. Rb4 h5 30. h4 Kf6 31. f3 g5 32. hxg5+ Kxg5 33. Kg3 Kg6 34. Kf4 Rfd8 35. Ke4 R8d7 36. Ra8 Rd8 37. Ra7 Kf6 38. Rbb7 Rxd4+ 39. Ke3 Rd3+ 40. Ke2 Rd2+ 41. Kf1 Rd1+ 42. Kf2 R8d2+ 43. Kg3 Rg1 44. Rxf7+ Ke5 45. f4+ Ke4 46. Rae7 Rdxg2+ 47. Kh3 Rg6 48. Kh2 R6g2+ 49. Kh3 Rg4 50. Kh2 Kf3 51. f5 R4g2+ 0-1


[Site "https://www.chess.com"]

[Event "Titled Tuesday Blitz February 22 Early 2022"]
[White "Kashefi, Amir Hosein"]
[Black "Samaganova, Aleksandra"]
[WhiteFideId "12557935"]
[BlackFideId "13800221"]
[WhiteElo "2098"]
[BlackElo "1859"]
[Result "1-0"]
[Round "02"]
[TimeControl "180+1"]
[Date "2022.02.22"]
[WhiteClock "0:00:48"]
[BlackClock "0:00:57"]

1. e4 c5 2. Nf3 e6 3. c3 Nf6 4. e5 Nd5 5. d4 cxd4 6. cxd4 d6 7. Bd3 Be7 8. O-O Nc6 9. Nc3 Ncb4 10. Bb1 Nxc3 11. bxc3 Nd5 12. Qd3 Bd7 13. a3 Rc8 14. c4 Nb6 15. exd6 Bxd6 16. c5 a6 17. Re1 Bb5 18. Qe4 Bc6 19. Qg4 O-O 20. Bxh7+ Kxh7 21. Ng5+ Kg8 22. Qh5 1-0


[Site "https://www.chess.com"]

[Event "Titled Tuesday Blitz February 22 Early 2022"]
[White "Khamzin, Olzhas"]
[Black "Abdisalimov, Abdimalik"]
[WhiteFideId "13701690"]
[BlackFideId "14206323"]
[WhiteElo "2194"]
[BlackElo "2401"]
[Result "0-1"]
[Round "02"]
[TimeControl "180+1"]
[Date "2022.02.22"]
[WhiteClock "0:00:20"]
[BlackClock "0:01:16"]

1. d4 Nf6 2. Nc3 d5 3. Bg5 Bf5 4. e3 e6 5. Bd3 Bg6 6. f4 c5 7. Nf3 Nc6 8. O-O Be7 9. Kh1 O-O 10. Bxf6 Bxf6 11. Ne2 Qb6 12. Bxg6 hxg6 13. Rb1 Na5 14. Ne5 Bxe5 15. fxe5 Nc4 16. Rf3 Qa5 17. a3 Qd2 18. Nc3 Rac8 19. Nb5 a6 20. Nd6 Qxd1+ 21. Rxd1 Nxd6 22. exd6 Rfd8 23. c3 Rxd6 24. Rdf1 f6 25. Rg3 g5 26. Rgf3 a5 27. h3 Rb6 28. R3f2 Rb3 29. Rd1 b5 30. dxc5 Rxc5 31. Kh2 b4 32. axb4 axb4 33. cxb4 Rxb4 34. Rdd2 Rb3 35. Rfe2 Rc4 36. Kg3 Kf7 37. Kf3 f5 38. Kf2 Kf6 39. Kf1 Ke5 40. Kf2 Ke4 41. g3 Rcb4 42. Rc2 e5 43. Rcd2 Rc4 44. Rd1 Rd3 45. Ra1 Rb4 46. Ra7 Rdb3 47. Ra2 g6 48. Rc2 Rxe3 49. b3 f4 50. gxf4 gxf4 51. Ra4 Rxb3 52. Rxb4+ Rxb4 53. Rc6 Kf5 54. h4 Rb2+ 55. Ke1 d4 56. h5 gxh5 57. Rc8 Ke4 58. Kf1 Kf3 59. Kg1 d3 60. Kh1 e4 61. Rd8 Ke2 62. Kh2 f3 63. Kh3 e3 64. Kg3 d2 65. Kh4 f2 66. Kg3 f1=Q 0-1


[Site "https://www.chess.com"]

[Event "Titled Tuesday Blitz February 22 Early 2022"]
[White "Kim, Sergey"]
[Black "Muradli, Mahammad"]
[WhiteFideId "13700570"]
[BlackFideId "13409301"]
[WhiteElo "2622"]
[BlackElo "2645"]
[Result "1-0"]
[Round "02"]
[TimeControl "180+1"]
[Date "2022.02.22"]
[WhiteClock "0:00:17"]
[BlackClock "0:00:08"]

1. d4 d6 2. c4 e5 3. Nf3 Nc6 4. Nc3 exd4 5. Nxd4 Be7 6. g3 Nf6 7. Nxc6 bxc6 8. Bg2 Bd7 9. O-O O-O 10. b3 Re8 11. Bb2 a5 12. Rc1 Qb8 13. Rc2 Qb7 14. Rd2 Ng4 15. h3 Ne5 16. f4 Ng6 17. e4 Bf6 18. Kh2 Qb4 19. e5 Be7 20. Ne4 Bf5 21. Bc3 Qb6 22. exd6 cxd6 23. Nxd6 Bxd6 24. Rxd6 Be4 25. Qd4 Qxd4 26. Bxd4 f6 27. g4 a4 28. f5 axb3 29. Bxe4 Rxe4 30. fxg6 Rxa2+ 31. Kg3 hxg6 32. g5 Rd2 33. Bc5 Rxd6 34. Bxd6 Rxc4 35. gxf6 gxf6 36. Rxf6 b2 37. Rf8+ Kg7 38. Rb8 Rc3+ 39. Kg4 Rc4+ 40. Kg5 Rc2 41. Rxb2 Rc1 42. Rb7+ Kg8 43. Kxg6 Rg1+ 44. Kf5 Rf1+ 45. Bf4 Rd1 46. h4 Rh1 47. Bg5 Rd1 48. h5 Kf8 49. h6 Rh1 50. Kg6 Ke8 51. h7 Rh2 52. Rb8+ Kd7 53. h8=Q Rxh8 54. Rxh8 c5 55. Bf6 Kc6 56. Rh5 c4 57. Rh3 Kb5 58. Kf5 Kb4 59. Bc3+ Kb3 60. Ke4 Kc2 61. Kd4 Kb3 62. Rh5 Ka2 63. Kxc4 Kb1 64. Rh2 Kc1 65. Kb3 Kd1 66. Rg2 1-0


[Site "https://www.chess.com"]

[Event "Titled Tuesday Blitz February 22 Early 2022"]
[White "King, Alexander"]
[Black "Escudero Donoso, Felipe"]
[WhiteFideId "2063620"]
[BlackFideId "3410595"]
[WhiteElo "2306"]
[BlackElo "2184"]
[Result "1-0"]
[Round "02"]
[TimeControl "180+1"]
[Date "2022.02.22"]
[WhiteClock "0:00:06"]
[BlackClock "0:00:03"]

1. d4 Nf6 2. c4 e6 3. Nc3 d5 4. cxd5 exd5 5. Bg5 c6 6. Qc2 Bd6 7. e3 O-O 8. Bd3 h6 9. Bh4 Re8 10. Nge2 a5 11. h3 Na6 12. a3 Nc7 13. O-O Ne6 14. f3 Ng5 15. f4 Nxh3+ 16. gxh3 Rxe3 17. Bf5 Qe7 18. Bxc8 Rxc8 19. Kg2 Re8 20. Rf2 Qe6 21. Rh1 Nh5 22. f5 Qd7 23. Rf3 f6 24. Rhf1 Qe7 25. Rxe3 Qxe3 26. Rf3 Qe7 27. Qd2 b5 28. Ng3 Nf4+ 29. Rxf4 Bxf4 30. Qxf4 b4 31. axb4 axb4 32. Nce2 Qa7 33. Qd2 b3 34. Nf4 Qa6 35. Ne6 g5 36. Nh5 Rxe6 37. fxe6 gxh4 38. Qe3 Qa2 39. Qe2 Qb1 40. e7 Qg6+ 41. Kh2 Qe8 42. Nxf6+ Kf7 43. Nxe8 Kxe8 44. Qe6 1-0


[Site "https://www.chess.com"]

[Event "Titled Tuesday Blitz February 22 Early 2022"]
[White "Kovanova, Baira"]
[Black "Ibrahimli, Murad"]
[WhiteFideId "4164083"]
[BlackFideId "13410229"]
[WhiteElo "2190"]
[BlackElo "2109"]
[Result "0-1"]
[Round "02"]
[TimeControl "180+1"]
[Date "2022.02.22"]
[WhiteClock "0:00:02"]
[BlackClock "0:01:02"]

1. e4 c6 2. d3 d5 3. Nf3 Bg4 4. h3 Bh5 5. Be2 Nd7 6. O-O dxe4 7. dxe4 e5 8. Nc3 Ngf6 9. Nh4 Bg6 10. Nf5 Bxf5 11. exf5 Be7 12. Re1 O-O 13. Bd3 Re8 14. Qf3 Bf8 15. Bg5 h6 16. Bh4 Qb6 17. Ne4 Be7 18. Nxf6+ Bxf6 19. Bxf6 Nxf6 20. Rab1 Rad8 21. b3 Qd4 22. Bc4 e4 23. Qf4 b5 24. Bf1 Qc3 25. a4 a6 26. axb5 axb5 27. Ra1 Rd2 28. Ra7 Nd5 29. Qh4 Qf6 30. Qg3 Rxc2 31. Bd3 Qc3 32. Rxe4 Rxe4 33. Qb8+ Kh7 34. Bxe4 Qe1+ 35. Kh2 Qxe4 36. Rxf7 Qf4+ 37. Qxf4 Nxf4 38. f6 Nh5 39. fxg7 Nxg7 40. Rc7 c5 41. f4 Kg6 42. Kg3 Nf5+ 0-1


[Site "https://www.chess.com"]

[Event "Titled Tuesday Blitz February 22 Early 2022"]
[White "Kozak, Alexander"]
[Black "Piliczewski, Bogusz"]
[WhiteFideId "4135881"]
[BlackFideId "1104144"]
[WhiteElo "2251"]
[BlackElo "1896"]
[Result "1-0"]
[Round "02"]
[TimeControl "180+1"]
[Date "2022.02.22"]
[WhiteClock "0:02:08"]
[BlackClock "0:01:34"]

1. e4 c6 2. d4 d5 3. exd5 cxd5 4. Bd3 Nc6 5. c3 Nf6 6. Bf4 Bg4 7. Qb3 Qc8 8. Nd2 e6 9. Ngf3 Be7 10. O-O O-O 11. Bg5 a6 12. Ne5 Bh5 13. f4 Re8 14. Rae1 Nd7 15. Bxe7 Rxe7 16. Nxc6 Qxc6 17. Qc2 Bg6 18. f5 exf5 19. Rxe7 1-0


[Site "https://www.chess.com"]

[Event "Titled Tuesday Blitz February 22 Early 2022"]
[White "Kozak, Antoni"]
[Black "Sahin, Handenur"]
[WhiteFideId "21832030"]
[BlackFideId "6334865"]
[WhiteElo "2232"]
[BlackElo "2114"]
[Result "1-0"]
[Round "02"]
[TimeControl "180+1"]
[Date "2022.02.22"]
[WhiteClock "0:01:40"]
[BlackClock "0:01:00"]

1. d4 d5 2. Bf4 Nf6 3. e3 e6 4. Bd3 Bd6 5. Bg3 Nbd7 6. Nf3 Qe7 7. Ne5 h5 8. h3 h4 9. Bh2 c5 10. c3 Ne4 11. Nd2 Nxd2 12. Qxd2 Bxe5 13. dxe5 c4 14. Bc2 Nc5 15. O-O b6 16. b4 cxb3 17. axb3 Bb7 18. Qd4 Qg5 19. f4 Qe7 20. f5 exf5 21. Rxf5 Ne6 22. Qa4+ Kf8 23. Raf1 Qc5 24. Rxf7+ Kg8 25. Qg4 Qxe3+ 26. Kh1 Qxe5 27. Bxe5 1-0


[Site "https://www.chess.com"]

[Event "Titled Tuesday Blitz February 22 Early 2022"]
[White "Kozelov, Roman"]
[Black "Murthy, Pappu"]
[WhiteFideId "14133377"]
[BlackFideId "2013401"]
[WhiteElo "2160"]
[BlackElo "1912"]
[Result "0-1"]
[Round "02"]
[TimeControl "180+1"]
[Date "2022.02.22"]
[WhiteClock "0:01:03"]
[BlackClock "0:00:37"]

1. e4 c5 2. f3 d6 3. Nc3 g6 4. Bc4 Bg7 5. Nge2 Nf6 6. O-O O-O 7. d4 cxd4 8. Nxd4 Nc6 9. Nxc6 bxc6 10. Be3 a6 11. Qd2 a5 12. Rad1 Ba6 13. Bxa6 Rxa6 14. e5 Nd5 15. Nxd5 cxd5 16. Qxd5 Bxe5 17. c3 Qa8 18. Qd3 Rb8 19. b3 a4 20. c4 axb3 21. axb3 Ra3 22. Rb1 Qb7 23. f4 Bg7 24. f5 Rxb3 25. Rxb3 Qxb3 26. Qe4 Bf6 27. fxg6 hxg6 28. h4 Rc8 29. Rc1 Kg7 30. Bg5 Qb6+ 31. Kh1 Bxg5 32. c5 Rxc5 33. Rxc5 Qxc5 34. hxg5 Qxg5 35. Qd4+ Qf6 36. Qd5 e5 37. Kh2 e4 38. Kh1 Qf1+ 39. Kh2 Qf4+ 40. Kh1 e3 41. Qd3 Qe5 42. Qe2 d5 43. g3 d4 44. Kg2 Qe4+ 45. Kh3 Qf5+ 46. g4 Qe4 47. Kh4 Qh1+ 48. Kg5 Qh6# 0-1


[Site "https://www.chess.com"]

[Event "Titled Tuesday Blitz February 22 Early 2022"]
[White "Kravtsiv, Martyn"]
[Black "Gabdrakhmanov, Azat"]
[WhiteFideId "14113147"]
[BlackFideId "34189197"]
[WhiteElo "2694"]
[BlackElo "2279"]
[Result "1-0"]
[Round "02"]
[TimeControl "180+1"]
[Date "2022.02.22"]
[WhiteClock "0:00:07"]
[BlackClock "0:00:07"]

1. e4 c5 2. Nf3 e6 3. g3 Nc6 4. Bg2 Nf6 5. d3 d6 6. O-O Be7 7. Re1 e5 8. Nbd2 O-O 9. c3 Re8 10. Nc4 Bf8 11. b3 Bg4 12. Bb2 Qd7 13. Ne3 Bh3 14. Bh1 Rad8 15. Qc2 h6 16. Rad1 Ng4 17. Nd5 Ne7 18. c4 Nxd5 19. cxd5 Nf6 20. Nd2 b5 21. Ra1 Ra8 22. Nf1 Be7 23. Bc1 Bd8 24. Bd2 Bb6 25. Ne3 Ng4 26. a4 Nxe3 27. Bxe3 a6 28. Ra2 Ba5 29. Rea1 Bb4 30. Bf3 bxa4 31. Rxa4 Qb7 32. Be2 Bd7 33. R4a2 Reb8 34. f4 exf4 35. Bxf4 Qb6 36. Kg2 Re8 37. h4 a5 38. Rf1 Re7 39. g4 c4 40. bxc4 a4 41. Rb1 Qc5 42. Qb2 Ba5 43. d4 Qc8 44. Bd3 Bxg4 45. Rxa4 Bh3+ 46. Kh2 Qg4 47. Qf2 Raa7 48. Rg1 Qc8 49. Qg3 g6 50. Qxh3 Qe8 51. Bxh6 Qxa4 52. h5 Qa2+ 53. Rg2 Qa1 54. hxg6 fxg6 55. Rxg6+ Rg7 56. Bxg7 Rxg7 57. Qe6+ Kh7 58. Rh6# 1-0


[Site "https://www.chess.com"]

[Event "Titled Tuesday Blitz February 22 Early 2022"]
[White "Krsnik Cohar, Ivan Vihor"]
[Black "Dwilewicz, Katarzyna"]
[WhiteFideId "14520044"]
[BlackFideId "1148486"]
[WhiteElo "2414"]
[BlackElo "1907"]
[Result "1-0"]
[Round "02"]
[TimeControl "180+1"]
[Date "2022.02.22"]
[WhiteClock "0:01:49"]
[BlackClock "0:00:01"]

1. d4 Nf6 2. Bg5 g6 3. Nd2 Bg7 4. c3 h6 5. Bh4 d6 6. e4 O-O 7. Ngf3 c5 8. e5 dxe5 9. dxe5 Nd5 10. Bc4 Nc6 11. Ne4 Nf4 12. Qxd8 Rxd8 13. O-O b6 14. Rad1 Bg4 15. e6 f5 16. Ned2 Na5 17. Ba6 g5 18. Bg3 Nxe6 19. h3 Bh5 20. Rde1 Kf7 21. Nc4 Bxf3 22. gxf3 f4 23. Nxa5 bxa5 24. Bc4 Rd6 25. Rxe6 Rxe6 26. Re1 fxg3 27. fxg3 Rd8 28. Rxe6 Kf8 29. Re2 e5 30. Kf2 Rd1 31. Bb3 Rd8 32. Ke3 Ke7 33. Ke4 Kf6 34. Bd5 Rd6 35. c4 Rd8 36. h4 Rd7 37. Rh2 gxh4 38. gxh4 Rd8 39. h5 Ke7 40. Rg2 Bf6 41. Rg6 Rh8 42. Kf5 Bg5 43. Rg7+ Kd6 44. Rxa7 Rf8+ 45. Ke4 Rf4+ 46. Kd3 Rd4+ 47. Kc3 Rh4 48. Ra6+ Kd7 49. Rxa5 Rxh5 50. Ra7+ Kd6 51. Ra6+ Kd7 52. a4 Rh2 53. a5 1-0


[Site "https://www.chess.com"]